Map: 프리온 단구

Players

llllllllllll (Scarlett) - Winner!

  • Race: Zerg Zerg
  • League: Grandmaster

llllllllllll

  • Race: Zerg Zerg
  • League: Grandmaster

VOD

Have the link to the VOD?

Description

Time

  • Played on: April 14, 2016, 4:51 a.m.
  • Length: 9:05
Show
View Real Time Build Order
Export as new Build Order

llllllllllll Zerg - Winner!

Build Orders: Pool First 

Get SALT Encoding   

  12  0:17  Spawning Pool  
  11  0:22  Drone  
  11  0:27  Drone  
  13  0:32  Drone  
  14  0:41  Overlord  
  14  1:04  Zergling x4  
  14  1:05  Zergling x2  
  17  1:15  Hatchery  
  17  1:18  Zergling x2  
  17  1:30  Zergling x2  
  18  1:37  Queen  
  20  1:46  Zergling x2  
  21  1:49  Overlord  
  21  2:09  Drone  
  21  2:12  Queen  
  23  2:32  Drone x2  
  23  2:33  Drone  
  25  2:38  Queen  
  25  2:40  Drone  
  28  2:46  Drone x2  
  28  2:50  Overlord  
  28  2:51  Drone  
  31  3:03  Drone  
  31  3:04  Spine Crawler  
  31  3:12  Queen  
  33  3:13  Drone  
  34  3:28  Drone x7  
  34  3:30  Extractor  
  34  3:33  Extractor  
  39  3:52  Drone x4  
  39  3:55  Overlord  
  43  3:59  Overlord  
  43  4:10  Overlord  
  43  4:12  Extractor  
  43  4:13  Extractor  
  43  4:15  Drone  
  43  4:16  Drone x6  
  48  4:18  Roach Warren  
  47  4:24  Evolution Chamber  
  47  4:29  Drone x4  
  50  4:34  Lair  
  50  4:36  Drone  
  51  4:40  Drone  
  52  4:48  Drone x2  
  54  4:58  Drone  
  54  4:59  Drone x3  
  58  5:00  Zerg Missile Weapons Level 1  
  58  5:07  Hatchery  
  57  5:19  Drone  
  57  5:20  Overlord, Drone  
  57  5:21  Overlord x2  
  59  5:30  Queen  
  59  5:33  Queen  
  63  5:37  Hydralisk Den  
  63  5:40  Glial Reconstitution  
  62  5:47  Spore Crawler, Drone  
  62  5:48  Drone x3  
  65  5:50  Spore Crawler x2  
  65  5:57  Overlord x4  
  63  6:07  Spore Crawler  
  63  6:08  Queen  
  64  6:11  Queen  
  64  6:14  Muscular Augments  
  66  6:19  Queen  
  66  6:22  Drone x5  
  66  6:25  Hydralisk  
  74  6:36  Drone x7  
  81  6:46  Hydralisk x3  
  83  6:47  Spore Crawler  
  83  6:53  Burrow  
  86  6:59  Tunneling Claws  
  85  7:05  Spore Crawler, Hydralisk x2  
  85  7:07  Drone  
  85  7:08  Extractor, Drone x2  
  89  7:13  Roach  
  89  7:14  Roach x2  
  96  7:21  Hydralisk x3  
  102  7:25  Lurker Den  
  102  7:34  Overlord x2  
  102  7:35  Drone x5  
  109  7:37  Roach x2  
  109  7:38  Extractor  
  109  7:43  Roach x2  
  109  7:57  Roach x2  
  109  7:58  Roach x6  
  118  8:00  Ravager x2  
  120  8:07  Roach x3  
  126  8:15  Overlord x4  
  126  8:17  Ravager  
  126  8:23  Hydralisk x2  
  120  8:27  Roach x2  
  116  8:38  Roach  
  116  8:39  Roach x8  
Show
View Real Time Build Order
Export as new Build Order

llllllllllll Zerg 

Build Orders: Hatch First 

Get SALT Encoding   

  12  0:00  Drone  
  13  0:12  Overlord  
  13  0:17  Drone  
  14  0:30  Drone x2  
  14  0:34  Drone  
  17  0:51  Hatchery  
  17  0:54  Drone  
  17  0:57  Drone  
  18  1:03  Extractor  
  17  1:12  Spawning Pool  
  17  1:15  Drone  
  17  1:18  Drone  
  18  1:28  Drone  
  19  1:39  Overlord  
  19  1:59  Zergling x2, Queen  
  19  2:00  Zergling x2  
  23  2:03  Spine Crawler  
  23  2:05  Zergling x2, Metabolic Boost  
  23  2:14  Zergling x4  
  25  2:26  Zergling x4  
  22  2:34  Drone  
  23  2:48  Drone  
  24  2:51  Lair  
  24  2:53  Drone  
  25  2:59  Drone x2  
  25  3:03  Drone  
  28  3:10  Drone x2  
  30  3:18  Queen  
  32  3:23  Zergling x2, Extractor  
  32  3:26  Drone  
  32  3:28  Drone  
  32  3:30  Drone  
  32  3:33  Drone  
  35  3:36  Overlord  
  35  3:40  Drone  
  36  3:53  Spire  
  34  3:56  Drone x2  
  34  3:58  Drone  
  34  4:01  Drone  
  38  4:06  Drone  
  38  4:08  Drone  
  40  4:11  Drone x2  
  40  4:14  Overlord  
  42  4:17  Extractor  
  42  4:18  Drone x2  
  43  4:28  Overlord  
  43  4:30  Extractor  
  42  4:31  Overlord  
  42  4:32  Drone x2  
  42  4:33  Drone x2  
  42  4:36  Overlord  
  46  4:43  Drone  
  46  5:05  Mutalisk x2  
  46  5:06  Mutalisk x2  
  54  5:07  Overlord  
  54  5:12  Mutalisk, Drone x2  
  58  5:15  Hatchery  
  58  5:21  Mutalisk  
  57  5:28  Drone x2  
  61  5:29  Roach Warren  
  61  5:30  Evolution Chamber, Mutalisk  
  61  5:41  Mutalisk  
  63  5:46  Drone x6  
  69  5:53  Overlord  
  69  6:01  Overlord x2, Zerg Missile Weapons Level 1  
  69  6:12  Glial Reconstitution  
  69  6:21  Roach x3  
  69  6:22  Roach x5  
  85  6:26  Queen  
  85  6:27  Roach  
  89  6:32  Overlord  
  89  6:35  Roach  
  89  6:36  Roach  
  91  6:41  Roach x3  
  97  6:48  Roach  
  97  6:52  Roach x2  
  97  6:54  Overlord  
  103  6:57  Roach  
  103  6:58  Roach x2  
  109  7:04  Roach x2  
  109  7:08  Overlord x2  
  113  7:09  Ravager  
  113  7:10  Overseer  
  113  7:13  Roach  
  113  7:14  Roach x2  
  120  7:16  Ravager  
  120  7:20  Overlord x2  
  121  7:33  Roach  
  121  7:34  Roach x5  
  118  7:52  Roach x5  
  118  7:53  Roach x5  
  127  7:58  Roach  
  127  7:59  Roach  
  131  8:07  Ravager  
  132  8:15  Roach  
  132  8:16  Roach x3  
  122  8:35  Roach x8  
  126  8:44  Roach x5  
Tags
 
Add a new tag
Caveats
  • Supply blocks, unpowered buildings, or Contaminate may cause inaccurate times.
  • Supply counts are checked every 10 seconds.